 Dungeon Crawl Stone Soup version 0.17.1-1-g73c8601 (webtiles) character file.

86 JustSomeDude the Firebug (level 4, 0/24 HPs)
             Began as a Gargoyle Fire Elementalist on Dec 21, 2015.
             Slain by Natasha (1 damage)
             ... on level 3 of the Dungeon.
             The game lasted 00:13:57 (1597 turns).

JustSomeDude the Firebug (GrFE)                     Turns: 1597, Time: 00:13:57

Health: 0/24       AC:  4    Str: 11    XL:     4   Next: 49%
Magic:  7/7        EV: 11    Int: 17    God:
Gold:   89         SH:  0    Dex: 10    Spells: 2 memorised, 3 levels left

rFire  . . .     SeeInvis +     (no weapon)
rCold  . . .     Clarity  .     f - -2 leather armour (curse)
rNeg   + . .     SustAt   .     (no shield)
rPois  ∞         Gourm    .     (no helmet)
rElec  +         Spirit   .     (no cloak)
rCorr  .         Warding  .     (no gloves)
rMut   .         Stasis   .     (no boots)
MR     .....                    (no amulet)
Stlth  +.........               (no ring)
                                j - ring of see invisible

@: confused, not resistant to hostile enchantments, very unstealthy
A: negative energy resistance 1, electricity resistance, unbreathing,
petrification resistance, rot immunity, AC +3
a: no special abilities


You were on level 3 of the Dungeon.
You were not hungry.

You visited 1 branch of the dungeon, and saw 3 of its levels.

You collected 89 gold pieces.

Inventory:

Armour
 a - a +0 robe
 f - a cursed -2 leather armour (worn)
Jewellery
 j - a ring of see invisible (left hand)
Scrolls
 d - a scroll of teleportation
 e - 5 scrolls of identify
 l - a scroll of amnesia
Potions
 g - a potion of heal wounds
 i - 2 potions of curing
Books
 b - a book of Flames

   Spells                             Type                      Level
   a - Flame Tongue                   Conjuration/Fire             1
   b - Throw Flame                    Conjuration/Fire             2
   c - Conjure Flame                  Conjuration/Fire             3
   d - Inner Flame                    Hexes/Fire                   3
   e - Sticky Flame                   Conjuration/Fire             4
   f - Fireball                       Conjuration/Fire             5
 h - a book of Ice

   Spells                             Type                      Level
   a - Ice Form                       Ice/Transmutation            4
   b - Metabolic Englaciation         Hexes/Ice                    5
   c - Ozocubu's Refrigeration        Ice                          6
   d - Bolt of Cold                   Conjuration/Ice              6
   e - Freezing Cloud                 Conjuration/Ice/Air          6
   f - Simulacrum                     Ice/Necromancy               6
Comestibles
 c - 2 bread rations
 n - a slice of pizza
 p - a beef jerky


   Skills:
 + Level 0.2 Fighting
 + Level 1.0 Armour
 + Level 1.9 Dodging
 + Level 2.5 Stealth
 + Level 2.3 Spellcasting
 * Level 2.2 Conjurations
 + Level 3.8 Fire Magic


You had 3 spell levels left.
You knew the following spells:

 Your Spells              Type           Power        Failure   Level  Hunger
a - Flame Tongue          Conj/Fire      ##...        10%         1    #......
b - Inner Flame           Hex/Fire       #.......     34%         3    ###....


Dungeon Overview and Level Annotations

Branches:
Dungeon (3/15)

Altars:

Annotations:
D:3 Natasha


Innate Abilities, Weirdness & Mutations

You are resistant to torment.
Your stone body is resilient (AC +3).
You are immune to poison.
You resist negative energy.
You are resistant to electric shocks.
You can survive without breathing.
You are immune to petrification.
You are immune to rotting.


Message History

Natasha's fingertips start to glow.
Natasha casts a spell.
You hit the shadow imp but do no damage.
The shadow imp misses you.
The shadow imp shouts, "Get thee hence, thou surly ditch-delivered nothing!"
The shadow imp closely misses you.
The shadow imp disappears in a puff of smoke!
You're too confused to move!
Natasha stares at you and mumbles some strange words.
The magic dart hits you!
* * * LOW HITPOINT WARNING * * *
The shadow imp disappears in a puff of smoke!
Natasha zaps a wand.
You resist with some effort. Natasha claws you but does no damage.
Natasha zaps a wand.
You resist with some effort.
The crimson imp blinks!
Natasha zaps a wand.
You are more confused.
You bump into the rock wall.
Natasha misses you.
You bump into the rock wall.
Natasha claws you.
You die...

### ########.#####
#.......#....###########
#<.>...###.#.##<.<......
#..##.## ##†§...5.......
.........# #..h##.#.#.....
#.#.#..####.#.#.@##......#
#.#..# ..##..##...#.## .
.............##.###
.#.#..###..##....... ##
.#..# #. ..(.#..## #.
###...?... ####..### #..#
#..#


You could see Natasha.

Vanquished Creatures
  Natasha (D:3)
  An adder (D:2)
  2 worms (D:2)
  A giant gecko (D:2)
  7 bats
  2 giant cockroaches
  7 hobgoblins
  7 jackals
  3 kobolds
  A ball python (D:1)
  6 giant newts
  5 goblins (D:2)
  4 rats
47 creatures vanquished.

Vanquished Creatures (others)
  A hound skeleton (D:3)
1 creature vanquished.

Grand Total: 48 creatures vanquished

Notes
Turn   | Place    | Note
--------------------------------------------------------------
     0 | D:1      | JustSomeDude the Gargoyle Fire Elementalist began the quest for the Orb.
     0 | D:1      | Reached XP level 1. HP: 10/10 MP: 3/3
   145 | D:1      | Reached XP level 2. HP: 10/15 MP: 0/5
   841 | D:2      | Reached XP level 3. HP: 16/19 MP: 1/6
  1445 | D:2      | Learned a level 3 spell: Inner Flame
  1495 | D:3      | Noticed Natasha
  1510 | D:3      | Killed Natasha
  1510 | D:3      | Reached XP level 4. HP: 12/24 MP: 0/7
  1554 | D:3      | Reached skill level 1 in Armour
  1569 | D:3      | Noticed Natasha
  1591 | D:3      | HP: 1/24 [Natasha/magic dart (8)]
  1597 | D:3      | Slain by Natasha

Action                   |  1- 3 |  4- 6 || total
-------------------------+-------+-------++-------
Melee: Unarmed           |    60 |     3 ||    63
 Cast: Flame Tongue      |    63 |     7 ||    70
  Use: Scroll            |     5 |       ||     5
       Potion            |     1 |     7 ||     8
 Stab: Sleeping          |     1 |       ||     1
  Eat: Meat ration       |     1 |       ||     1
